Map: Backwater LE

Players

Deruziel - Winner!

  • Race: Terran Terran
  • League: Master
  • Spawn Location: 5:00

Ralphy

  • Race: Protoss Protoss
  • League: Master
  • Spawn Location: 11:00

VOD

Have the link to the VOD?

Description

Time

  • Played on: Feb. 11, 2018, 1:15 a.m.
  • Length: 18:26
Show
View Real Time Build Order
Export as new Build Order

Deruziel Terran - Winner!

Build Orders: Reaper Expand, Mech 

Get SALT Encoding   

  12  0:00  SCV  
  13  0:13  SCV  
  14  0:17  Supply Depot  
  14  0:25  SCV  
  15  0:28  Refinery  
  15  0:39  SCV  
  16  0:45  Barracks  
  16  0:51  SCV  
  17  1:03  SCV  
  18  1:15  SCV  
  19  1:33  Orbital Command  
  19  1:34  Reaper  
  20  1:51  Command Center  
  20  2:02  Factory  
  20  2:08  Barracks Reactor  
  20  2:11  SCV  
  21  2:21  Supply Depot  
  21  2:24  SCV  
  22  2:42  SCV  
  22  2:46  Marine x2  
  22  2:48  Starport  
  22  2:49  Bunker  
  26  2:51  Hellion  
  26  2:59  SCV  
  26  3:04  Marine x2  
  29  3:09  Orbital Command  
  29  3:17  Widow Mine  
  31  3:22  SCV  
  31  3:24  Marine x2  
  34  3:34  SCV  
  34  3:40  Medivac  
  37  3:49  SCV  
  37  3:55  Widow Mine  
  40  4:00  SCV  
  40  4:02  SCV  
  40  4:06  Command Center  
  40  4:12  Viking  
  42  4:21  Marine x2  
  44  4:26  SCV  
  44  4:27  SCV  
  46  4:31  Refinery x2  
  46  4:38  Supply Depot x2  
  46  4:59  Widow Mine, SCV x2, Marine x2  
  52  5:00  Supply Depot  
  52  5:11  SCV x2  
  50  5:19  Orbital Command  
  47  5:22  Engineering Bay  
  47  5:23  SCV x2  
  47  5:28  Factory Tech Lab, Marine  
  48  5:29  Marine  
  50  5:35  SCV x2  
  52  5:48  SCV  
  52  5:49  SCV  
  50  5:54  Refinery  
  50  5:57  Refinery  
  50  6:00  Missile Turret, SCV  
  50  6:02  Medivac  
  50  6:03  Siege Tank  
  56  6:08  Orbital Command  
  56  6:09  Starport  
  56  6:11  Factory  
  56  6:15  Marine x2, Factory  
  56  6:17  SCV x2  
  60  6:23  Refinery  
  60  6:29  SCV x2  
  62  6:37  Siege Tank  
  63  6:40  SCV  
  63  6:41  SCV x2  
  66  6:51  Starport Reactor  
  66  6:52  SCV  
  67  6:55  Starport x2  
  67  6:56  Factory Tech Lab  
  67  6:58  SCV x2  
  69  7:04  SCV  
  70  7:10  Siege Tank, SCV  
  74  7:19  SCV  
  74  7:22  Armory  
  75  7:23  SCV x2  
  75  7:24  Armory  
  75  7:26  Hellion x2  
  75  7:27  Siege Tank, Command Center  
  84  7:31  SCV  
  84  7:33  Missile Turret  
  84  7:36  Missile Turret  
  85  7:57  Hellion  
  85  8:00  Starport Tech Lab  
  85  8:01  Starport Tech Lab  
  85  8:08  Siege Tank, SCV x3, Hellion  
  93  8:15  Terran Vehicle Weapons Level 1, Terran Vehicle And Ship Armor Level 1  
  93  8:18  Viking  
  93  8:19  Viking  
  97  8:20  SCV x2  
  97  8:21  Hellion  
  97  8:24  Liberator x2  
  101  8:31  Sensor Tower  
  101  8:39  Siege Tank, SCV x2  
  112  8:43  SCV  
  113  8:51  SCV  
  114  8:58  Planetary Fortress  
  114  9:00  Refinery  
  114  9:01  SCV  
  114  9:02  SCV  
  116  9:09  Hellion  
  116  9:13  Siege Tank  
  116  9:16  Refinery  
  113  9:23  SCV x3  
  116  9:27  Missile Turret  
  116  9:29  Missile Turret  
  116  9:47  Supply Depot  
  116  9:51  Supply Depot x2  
  116  9:52  Supply Depot  
  116  9:53  Supply Depot  
  116  9:57  Fusion Core  
  116  10:01  Missile Turret  
  116  10:02  Missile Turret x2  
  116  10:04  Missile Turret  
  116  10:05  Sensor Tower  
  116  10:09  SCV x3, Terran Ship Weapons Level 1, Siege Tank, Viking  
  116  10:12  Viking x3  
  116  10:13  Siege Tank, SCV, Terran Vehicle And Ship Armor Level 2, Hellion x2  
  138  10:20  Supply Depot  
  134  10:21  SCV x3  
  123  10:33  Missile Turret  
  123  10:34  Hellion  
  125  10:39  SCV x2  
  125  10:41  Siege Tank, SCV  
  131  10:46  Battlecruiser  
  131  10:47  Corvid Reactor, Battlecruiser  
  131  10:49  SCV  
  144  10:55  Starport  
  144  10:56  Supply Depot  
  144  10:58  SCV  
  144  10:59  Supply Depot  
  144  11:00  Supply Depot  
  144  11:01  SCV  
  146  11:17  Starport  
  146  11:18  Viking x2  
  150  11:20  Starport  
  150  11:23  Supply Depot  
  150  11:24  Supply Depot  
  144  11:47  Starport Tech Lab  
  144  11:50  Viking x2  
  144  11:51  Battlecruiser x2  
  160  11:54  Starport Tech Lab  
  160  11:56  Starport Tech Lab  
  160  12:02  Command Center  
  160  12:08  Bunker  
  160  12:09  Command Center  
  160  12:10  Battlecruiser  
  160  12:12  SCV  
  160  12:13  Terran Ship Weapons Level 2  
  167  12:16  Battlecruiser  
  173  12:25  Raven  
  173  12:26  Viking x2  
  179  12:50  Command Center  
  179  12:57  Missile Turret  
  179  12:58  Refinery x2, Battlecruiser  
  185  12:59  Raven  
  185  13:00  Sensor Tower  
  187  13:08  Raven, SCV  
  187  13:12  Weapon Refit  
  190  13:14  Raven  
  190  13:16  Terran Vehicle And Ship Armor Level 3  
  185  13:43  Building Armor  
  185  13:45  Hellion x2  
  185  13:46  Hellion x2  
  193  14:07  Planetary Fortress, Hellion  
  195  14:10  Orbital Command  
  195  14:13  Command Center  
  195  14:15  Raven  
  195  14:16  Raven  
  167  14:49  Battlecruiser x2  
  173  14:59  SCV x2  
  170  15:00  SCV  
  155  15:34  SCV  
  155  15:35  Missile Turret  
  156  15:38  Missile Turret  
  156  15:40  Missile Turret x2  
  156  15:42  Battlecruiser  
  162  15:43  Battlecruiser  
  162  15:44  Viking x2, Battlecruiser  
  178  15:50  Starport  
  178  15:51  Starport  
  178  15:52  Planetary Fortress, Starport  
  178  16:07  Command Center  
  178  16:10  Missile Turret  
  178  16:19  Battlecruiser x2  
  178  16:20  Viking x2  
  178  16:22  SCV  
  192  16:29  Refinery  
  190  16:46  Starport Tech Lab x2  
  190  16:47  Starport Tech Lab, Battlecruiser  
  196  17:09  Viking x2  
  200  17:16  Refinery  
  200  17:18  Refinery  
  200  17:22  Missile Turret x2  
  193  17:23  Missile Turret x2  
  162  17:41  Viking  
Show
View Real Time Build Order
Export as new Build Order

Ralphy Protoss 

Build Orders: Oracle Opening 

Get SALT Encoding   

  12  0:00  Probe  
  13  0:13  Probe  
  14  0:17  Pylon  
  14  0:25  Probe  
  15  0:41  Gateway  
  15  0:42  Probe (Chrono Boost)  
  16  0:49  Assimilator  
  16  0:52  Probe (Chrono Boost)  
  17  0:57  Probe (Chrono Boost)  
  18  1:08  Probe  
  19  1:17  Assimilator  
  19  1:21  Probe  
  20  1:34  Cybernetics Core  
  20  1:36  Assimilator  
  20  1:47  Pylon  
  20  1:57  Nexus  
  20  1:59  Probe  
  21  2:09  Adept (Chrono Boost)  
  21  2:12  Probe  
  24  2:24  Probe  
  25  2:36  Probe  
  25  2:48  Probe  
  25  2:50  Stargate  
  26  2:57  Pylon  
  26  3:00  Probe (Chrono Boost)  
  26  3:02  Adept  
  29  3:08  Probe (Chrono Boost)  
  31  3:15  Warp Gate (Chrono Boost)  
  31  3:18  Probe (Chrono Boost)  
  32  3:20  Probe (Chrono Boost)  
  32  3:22  Gateway  
  32  3:24  Gateway  
  32  3:25  Probe (Chrono Boost)  
  33  3:30  Oracle (Chrono Boost), Probe  
  37  3:36  Probe  
  36  3:54  Probe  
  35  3:56  Probe  
  35  4:03  Oracle (Chrono Boost)  
  35  4:06  Probe  
  35  4:09  Probe  
  40  4:18  Probe  
  40  4:20  Shield Battery  
  40  4:21  Probe  
  42  4:27  Robotics Facility, Assimilator  
  42  4:30  Probe  
  43  4:33  Probe  
  43  4:37  Pylon  
  44  4:43  Probe  
  44  4:45  Probe  
  46  4:46  Assimilator  
  46  4:55  Probe  
  46  4:57  Probe  
  48  5:05  Sentry x3  
  55  5:07  Probe  
  52  5:23  Probe x2  
  51  5:35  Probe  
  52  5:40  Stalker x3  
  58  5:50  Observer (Chrono Boost)  
  58  5:57  Robotics Bay, Probe  
  58  5:58  Probe  
  60  6:11  Pylon  
  60  6:12  Probe  
  60  6:14  Pylon  
  61  6:23  Nexus, Probe  
  61  6:24  Pylon  
  62  6:30  Pylon  
  62  6:31  Extended Thermal Lance (Chrono Boost)  
  61  6:40  Adept  
  61  6:41  Adept x2  
  61  6:46  Colossus (Chrono Boost)  
  73  6:55  Forge  
  73  7:02  Gateway  
  73  7:04  Gateway  
  73  7:05  Pylon  
  73  7:12  Probe  
  73  7:13  Probe  
  75  7:17  Pylon  
  75  7:26  Stalker x3  
  81  7:31  Probe  
  81  7:32  Colossus (Chrono Boost)  
  88  7:37  Protoss Ground Weapons Level 1 (Chrono Boost), Pylon  
  88  7:46  Forge  
  88  7:51  Probe  
  85  7:53  Probe x2  
  87  8:03  Probe  
  87  8:04  Photon Cannon  
  87  8:05  Probe  
  89  8:07  Probe  
  89  8:08  Photon Cannon  
  90  8:15  Probe  
  90  8:16  Sentry  
  90  8:17  Probe, Adept x2  
  98  8:22  Protoss Ground Armor Level 1 (Chrono Boost)  
  98  8:26  Probe  
  99  8:27  Probe  
  99  8:29  Probe, Pylon  
  101  8:40  Twilight Council  
  101  8:41  Probe x2  
  103  8:46  Observer (Chrono Boost)  
  104  8:58  Stalker x3  
  104  8:59  Observer  
  104  9:01  Colossus (Chrono Boost)  
  113  9:11  Protoss Ground Weapons Level 2 (Chrono Boost)  
  113  9:12  Probe  
  113  9:13  Probe  
  113  9:14  Probe  
  113  9:25  Probe x2  
  113  9:26  Probe  
  113  9:29  Gateway  
  113  9:30  Gateway  
  116  9:32  Gateway  
  116  9:35  Gateway  
  116  9:45  Probe  
  117  9:47  Assimilator  
  117  9:52  Assimilator  
  117  10:01  Nexus  
  117  10:05  Fleet Beacon  
  117  10:07  Blink (Chrono Boost)  
  117  10:08  Pylon, Stargate  
  117  10:10  Pylon  
  87  10:33  Probe x2  
  87  10:42  Probe  
  88  10:43  Assimilator  
  88  10:45  Probe, Protoss Air Weapons Level 1 (Chrono Boost)  
  88  10:47  Assimilator  
  88  10:49  Graviton Catapult (Chrono Boost)  
  89  10:53  Carrier x2 (Chrono Boost)  
  101  10:57  Probe x2  
  101  10:58  Probe  
  104  11:09  Probe  
  104  11:10  Zealot x2  
  104  11:11  Stalker x5  
  119  11:19  Probe x3  
  122  11:32  Stargate  
  122  11:36  Photon Cannon  
  122  11:38  Photon Cannon  
  121  11:44  Protoss Shields Level 1 (Chrono Boost)  
  121  11:48  Probe x2  
  121  11:51  Mothership  
  121  11:52  Probe  
  132  12:00  Photon Cannon, Probe x2  
  134  12:06  Probe  
  135  12:09  Pylon  
  135  12:12  Probe, Pylon  
  135  12:13  Carrier (Chrono Boost), Pylon  
  135  12:14  Carrier (Chrono Boost)  
  148  12:29  Protoss Air Weapons Level 2 (Chrono Boost)  
  148  12:33  Probe x3  
  148  12:36  Nexus  
  151  12:51  Carrier  
  151  12:52  Cybernetics Core  
  151  12:56  Templar Archives  
  157  13:00  Pylon  
  157  13:14  Zealot x2  
  157  13:15  Stalker x4, Zealot  
  163  13:30  Probe  
  163  13:34  Pylon  
  163  13:36  Pylon  
  163  13:44  Stargate  
  163  13:46  Stargate  
  163  13:48  Protoss Air Armor Level 1 (Chrono Boost)  
  163  13:49  Void Ray  
  167  13:59  Photon Cannon  
  167  14:00  Photon Cannon  
  167  14:01  Photon Cannon  
  167  14:04  Assimilator  
  167  14:06  Assimilator  
  167  14:08  Pylon  
  167  14:10  Void Ray  
  167  14:11  Pylon  
  166  14:40  Void Ray  
  166  14:41  Carrier, Void Ray x2  
  182  14:52  Stalker x5  
  150  15:34  Nexus  
  150  15:36  Nexus  
  150  15:37  Void Ray x3  
  162  15:56  Zealot x2  
  166  15:59  Void Ray  
  170  16:07  Void Ray  
  162  16:32  Void Ray x2  
  149  16:54  Probe  
  149  16:55  Probe x3  
  153  17:06  Probe  
  153  17:07  Zealot  
  153  17:08  Zealot  
  158  17:12  Void Ray x2  
  158  17:13  Void Ray  
  114  17:42  Void Ray x2  
  120  17:49  Stalker x9  
Tags
 
Add a new tag
Caveats
  • Supply blocks, unpowered buildings, or Contaminate may cause inaccurate times.
  • Supply counts are checked every 10 seconds.